 Dungeon Crawl Stone Soup version 0.31-a0-963-ga325b2283a (webtiles) character file.

Game seed: 14574643648946549154

13 Morbidden the Conjurer (level 2, -2/20 HPs)
             Began as a Demonspawn Conjurer on Oct 25, 2023.
             Slain by a gnoll
             ... wielding a +2 vampiric whip
              (6 damage)
             ... on level 1 of the Dungeon.
             The game lasted 00:00:45 (576 turns).

Morbidden the Conjurer (Demonspawn Conjurer)         Turns: 576, Time: 00:00:46

Health: -2/20      AC:  4    Str:  7    XL:     2   Next: 24%
Magic:  1/5        EV: 12    Int: 19    God:
Gold:   43         SH:  0    Dex: 11    Spells: 4/5 levels left

rFire   . . .        (no weapon)
rCold   . . .        (no shield)
rNeg    . . .        a - +0 robe
rPois   .            (no helmet)
rElec   .            (no cloak)
rCorr   .            (no gloves)
SInv    .            (no boots)
Will    .....        (no amulet)
Stlth   ++           (no ring)
HPRegen 0.23/turn    (no ring)
MPRegen 0.09/turn

%: no passive effects
@: no status effects
A: slimy green scales 1
a: no special abilities


You were on level 1 of the Dungeon.
You visited 1 branch of the dungeon, and saw 1 of its levels.

You collected 43 gold pieces.

Inventory:

Armour
 a - a +0 robe (worn)
Scrolls
 d - 2 scrolls of torment {unknown}
 e - a scroll of teleportation {unknown}
 f - a scroll of revelation {unknown}
 g - a scroll of enchant weapon {unknown}
 j - a scroll of amnesia {unknown}
Potions
 b - a potion of magic
 c - a potion of haste {unknown}
 h - a potion of heal wounds {unknown}


   Skills:
 * Level 0.5 Fighting
 + Level 1.7 Dodging
 + Level 2.0 Stealth
 * Level 2.0 Spellcasting
 * Level 4.3 Conjurations


You had 4 spell levels left.
You knew the following spells:

 Your Spells              Type           Power      Damage    Failure   Level
a - Magic Dart            Conj           72%        1d6       2%          1

Your spell library contained the following spells:

 Spells                   Type           Power      Damage    Failure   Level
 Searing Ray              Conj           36%        2d5       4%          2
 Dazzling Flash           Conj/Hex       20%        N/A       21%         3
 Fulminant Prism          Conj/Hex       5%         3d6       56%         4
 Iskenderun's Mystic Bla  Conj/Tloc      10%        2d4       56%         4


Dungeon Overview and Level Annotations

Branches:
Dungeon (1/15)

Altars:


Innate Abilities, Weirdness & Mutations

You are partially covered in slimy green scales. (AC +2)


Message History

You throw a poisoned dart.
The poisoned dart closely misses the gnoll.
Unknown command.
Throw: dart (poison)
Press: ? - help, Q - select action, (/) - cycle Shift-Dir - straight line, f/p - gnoll
Aim: a gnoll, wielding a +2 vampiric whip (heavily wounded, 54% to hit)
You throw a poisoned dart.
The poisoned dart completely misses the gnoll.
The gnoll hits you with a +2 vampiric whip.
You completely miss the gnoll.
The gnoll is heavily wounded.
The gnoll hits you with a +2 vampiric whip.
The gnoll draws strength from your wounds!
You hit the gnoll.
The gnoll is heavily wounded.
The gnoll closely misses you.
Your magical contamination has completely faded away.
Unknown command.
You hit the gnoll but do no damage.
The gnoll is heavily wounded.
The gnoll hits you with a +2 vampiric whip.
You are too injured to fight recklessly!
Unknown command.
You are too injured to fight recklessly!
Unknown command.
You hit the gnoll but do no damage.
The gnoll is heavily wounded.
The gnoll barely misses you.
You hit the gnoll but do no damage.
The gnoll is heavily wounded.
The gnoll barely misses you.
You hit the gnoll but do no damage.
The gnoll is heavily wounded.
The gnoll hits you with a +2 vampiric whip!
* * * LOW HITPOINT WARNING * * *
The gnoll draws strength from your wounds!
You hit the gnoll but do no damage.
The gnoll is lightly wounded.
The gnoll hits you with a +2 vampiric whip.
You die...

##### #...###
#.#.≈≈###
#############....~≈.#
#......>......#.##~≈.
#.###########....##
###.# ##.##.# ..#.#
#######.#.## ....#
#......@≈.# ....#
#.#####g≈≈.# ....#
#(≈#.# ...># #..###
....... #..# ........
#..# ######.. .|.. .#
....


You could see a gnoll.

Vanquished Creatures
  A dart slug (D:1)
  A bat (D:1)
  2 endoplasms (D:1)
  A giant cockroach (D:1)
  A goblin (D:1)
  A hobgoblin (D:1)
  A ball python (D:1)
  2 rats (D:1)
10 creatures vanquished.

Notes
Turn   | Place    | Note
-------+----------+-------------------------------------------
     0 | D:1      | Morbidden the Demonspawn Conjurer began the quest for the
                  | Orb.
     0 | D:1      | Reached XP level 1. HP: 13/13 MP: 3/3
   357 | D:1      | Gained mutation: You are partially covered in slimy green
                  | scales. (AC +2) [demonic ancestry]
   357 | D:1      | Reached XP level 2. HP: 19/19 MP: 0/5
   576 | D:1      | Slain by a gnoll

Illustrated notes

Levels and vault maps discovered:
D:1:      co_arrival_square_in_a_square_in_a_square, layout_loops_ring,
          chequers_serial_rivers_small_b, nicolae_figureground_pulse

Skill      XL: |  1  2 |
---------------+-------+-----
Stealth        | 2 |  2.0
Fighting       | |  0.5
Dodging        | |  1.7
Spellcasting   | |  2.0
Conjurations   | |  4.3

Action                     || total
---------------------------++-------
  Melee: Unarmed           ||    24
  Throw: Dart              ||     4
   Cast: Magic Dart        ||    26
 Armour: Robe              ||    23
  Dodge: Dodged            ||    23

Table legend: (Time is in decaauts)
 A = Elapsed time spent in this place.
 B = Non-inter-level travel time spent in this place.
 C = Inter-level travel time spent in this place.
 D = Time resting spent in this place.
 E = Time spent auto-exploring this place.
 F = Levels seen in this place.
 G = Mean time per level.
                   A        B        C        D        E       F      G
               +--------+--------+--------+--------+--------+-----+--------+
         Total |    576 |    576 |      0 |     29 |    419 |   1 |  576.0 |
       Dungeon |    576 |    576 |      0 |     29 |    419 |   1 |  576.0 |
               +--------+--------+--------+--------+--------+-----+--------+

Top non-repeatable levels by time:
     D:1: 576 daAuts
